 Dungeon Crawl Stone Soup version 0.21-a0-396-ga924934 (webtiles) character file.

261 kae the Insei (level 5, -1/45 HPs)
             Began as a Draconian Transmuter on Oct 19, 2017.
             Slain by an ice beast (14 damage)
             ... on level 5 of the Dungeon.
             The game lasted 00:05:10 (4383 turns).

kae the Insei (Draconian Transmuter)                Turns: 4383, Time: 00:05:10

Health: -1/45      AC:  6    Str: 12    XL:     5   Next: 96%
Magic:  7/9        EV: 12    Int: 13    God:
Gold:   20         SH:  0    Dex: 13    Spells: 4/10 levels left

rFire    . . .     SeeInvis .     - Unarmed
rCold    . . .     Gourm    .   (no shield)
rNeg     . . .     Faith    .   (armour unavailable)
rPois    +         Spirit   .   (helmet restricted)
rElec    .         Reflect  .   s - +0 cloak
rCorr    .         Harm     .   (no gloves)
MR       .....                  (no boots)
Stlth    +.........             (no amulet)
HPRegen  0.15/turn              n - ring of poison resistance
MPRegen  0.11/turn              (no ring)

@: no status effects
A: unfitting armour, cold-blooded, AC +5
a: no special abilities


You were on level 5 of the Dungeon.
You were near starving.

You visited 1 branch of the dungeon, and saw 5 of its levels.

You collected 158 gold pieces.
You spent 138 gold pieces at shops.

Inventory:

Missiles
 a - 12 arrows
Armour
 s - a +0 cloak (worn)
Jewellery
 n - a ring of poison resistance (left hand)
Wands
 f - a wand of random effects (27/48)
 j - a wand of polymorph (4/24)
 o - a wand of random effects (19/48)
Scrolls
 d - 2 scrolls of remove curse
 e - a scroll of immolation
 h - a scroll of fog
 p - a scroll of blinking
Potions
 i - a potion of curing {unknown}
 k - 3 potions of haste
 m - a potion of berserk rage
 q - 2 potions of magic
Books
 b - a book of Changes

   Spells                             Type                      Level
   a - Beastly Appendage              Transmutation                1
   b - Sticks to Snakes               Transmutation                2
   c - Spider Form                    Transmutation/Poison         3
   d - Ice Form                       Ice/Transmutation            4
   e - Blade Hands                    Transmutation                5
Comestibles
 c - 5 bread rations
 g - 4 meat rations
 r - a royal jelly


   Skills:
 + Level 3.1 Fighting
 - Level 1.7 Dodging
 * Level 4.8 Unarmed Combat
 + Level 3.0 Spellcasting
 + Level 3.2 Transmutations


You had 4 spell levels left.
You knew the following spells:

 Your Spells              Type           Power        Failure   Level  Hunger
a - Beastly Appendage     Tmut           ##....       6%          1    #......
b - Sticks to Snakes      Tmut           ##......     9%          2    ##.....
c - Spider Form           Tmut/Pois      #.........   34%         3    ###....


Dungeon Overview and Level Annotations

Branches:
Dungeon (5/15)
 Temple: D:4-7

Altars:
Cheibriados
Gozag
Ru
Sif Muna
Wu Jian

Shops:
D:4 ?=?[[


Innate Abilities, Weirdness & Mutations

Your plain brown scales are hard. (AC +5)
You cannot fit into any form of body armour.
You are cold-blooded and may be slowed by cold attacks.


Message History

You hit the ice beast.
The ice beast is severely wounded.
The ice beast misses you.
You hit the ice beast.
The ice beast is severely wounded.
The ice beast hits you. The ice beast freezes you!
* * * LOW HITPOINT WARNING * * *
You closely miss the ice beast.
The ice beast is severely wounded.
The ice beast completely misses you.
You hit the ice beast.
The ice beast is almost dead.
The ice beast misses you.
You hit the ice beast.
The ice beast is poisoned.
The ice beast is almost dead.
Your transformation has ended.
Your +0 cloak unmelds from your body.
The ice beast hits you.
* * * LOW HITPOINT WARNING * * *
The ice beast freezes you!
You die...

#### ..# #.#
####.#### #.......#
#.###.##.##.#
#........##<#####...
#####.#####.........
#@# #######... #Y#
#.### #...# ###.#
#.# #.# ... #..


You could see an ice beast.

Vanquished Creatures
  A scorpion (D:4)
  A howler monkey (D:4)
  Crazy Yiuf (D:3)
  A centaur skeleton (D:4)
  2 adders
  An adder skeleton (D:4)
  A worm (D:2)
  4 dart slugs
  A leopard gecko (D:1)
  10 orcs
  11 goblins
  8 hobgoblins
  3 jackals (D:3)
  10 kobolds
  2 quokkas
  A ball python skeleton (D:4)
  6 bats
  6 frilled lizards
  9 rats
79 creatures vanquished.

Notes
Turn   | Place    | Note
-------+----------+-------------------------------------------
     0 | D:1      | kae the Draconian Transmuter began the quest for the Orb.
     0 | D:1      | Reached XP level 1. HP: 16/16 MP: 3/3
   370 | D:1      | Reached XP level 2. HP: 23/23 MP: 5/5
  1005 | D:2      | Reached XP level 3. HP: 23/29 MP: 4/6
  1291 | D:2      | Found a snail-covered altar of Cheibriados.
  1876 | D:2      | Noticed an orc warrior
  2333 | D:2      | Reached XP level 4. HP: 36/36 MP: 7/7
  2547 | D:3      | Found an opulent altar of Gozag.
  3046 | D:3      | Reached skill level 4 in Unarmed Combat
  3191 | D:3      | Found a sacrificial altar of Ru.
  3261 | D:3      | Found a runed door.
  3334 | D:3      | Learned a level 2 spell: Sticks to Snakes
  3338 | D:3      | Learned a level 3 spell: Spider Form
  3340 | D:3      | Noticed Crazy Yiuf
  3347 | D:3      | Killed Crazy Yiuf
  3660 | D:4      | Reached XP level 5. HP: 35/42 MP: 9/9
  3820 | D:4      | Found Duofoval's Magic Scroll Emporium.
  3823 | D:4      | Bought a scroll of identify for 24 gold pieces
  3823 | D:4      | Bought a scroll of identify for 24 gold pieces
  3823 | D:4      | Bought a scroll of blinking for 90 gold pieces
  3852 | D:4      | Found Rasum's Antique Armour Boutique.
  3934 | D:4      | Found Naka's Jewellery Emporium.
  3961 | D:4      | Found Cahuk's Magic Scroll Shop.
  4151 | D:4      | Found an ornate altar of the Wu Jian Council.
  4174 | D:4      | Found Jacvyimp's Armour Shoppe.
  4204 | D:4      | Found a deep blue altar of Sif Muna.
  4351 | D:5      | Entered Level 5 of the Dungeon
  4366 | D:5      | Noticed an ice beast
  4383 | D:5      | Slain by an ice beast

Vault maps used:
D:1:      evilmike_arrival_crescent
D:2:      nicolae_overflow_crystal_walls, serial_bayou_crossing
D:3:      nicolae_overflow_hidden_temple, lemuel_round_altar,
          minmay_statues_item, uniq_crazy_yiuf_cottage
D:4:      kennysheep_mini_moat, marbit_many_paths, serial_shops,
          nicolae_shop_crystal, nicolae_shop_temple_entry_statues_fountains,
          nicolae_shop_behind_doors, shop, nicolae_shop_waterfront, first_bread
D:5:      overflow_temple_1_default, temple_green,
          minmay_a_box_with_orc_wizards_in_it, uniq_edmund

Skill      XL: |  1  2  3  4  5 |
---------------+----------------+-----
Fighting       | 2 3 |  3.1
Unarmed Combat | 4 |  4.8
Transmutations | 3 |  3.2
Spellcasting   | 3 |  3.0
Dodging        | |  1.7

Action                   |  1- 3 |  4- 6 || total
-------------------------+-------+-------++-------
Melee: Unarmed           |   164 |   171 ||   335
       Kick              |    11 |    11 ||    22
       Tailslap          |    12 |    12 ||    24
       Headbutt          |     6 |     1 ||     7
       Punch             |     2 |     3 ||     5
 Cast: Beastly Appendage |     9 |     7 ||    16
       Spider Form       |       |     2 ||     2
  Use: Scroll            |       |    10 ||    10
 Stab: Sleeping          |       |     1 ||     1
  Eat: Chunk             |     4 |     6 ||    10
Armor: Skin              |    48 |    30 ||    78
Dodge: Dodged            |   109 |    99 ||   208

Table legend:
 A = Spawn XP
 B = Non-spawn XP
 C = Spawn XP percentage of total XP
 D = Spawn monster count
 E = Non-spawn monster count
 F = Spawn count percentage of total count
 G = Total turns spent on level
                    A         B        C        D         E        F      G
               +---------+---------+-------+---------+---------+-------+---------
         Total |       0 |     373 |   0.0 |       0 |      79 |   0.0 |  4383
               +---------+---------+-------+---------+---------+-------+---------
           D:1 |       0 |      38 |   0.0 |       0 |      23 |   0.0 |  1785
           D:2 |       0 |      60 |   0.0 |       0 |      23 |   0.0 |   620
           D:3 |       0 |      74 |   0.0 |       0 |      20 |   0.0 |  1010
           D:4 |       0 |     201 |   0.0 |       0 |      13 |   0.0 |   936
               +---------+---------+-------+---------+---------+-------+---------
